 Dungeon Crawl Stone Soup version 0.32-a0-35-gd9ff480968 (webtiles) character file.

Game seed: 17803467047421261210

81 pokeman the Magician (level 4, -11/25 HPs)
             Began as a Deep Elf Hedge Wizard on Jan 22, 2024.
             Mangled by Sigmund
             ... wielding a +0 scythe
              (12 damage)
             ... on level 2 of the Dungeon.
             The game lasted 00:02:37 (1852 turns).

pokeman the Magician (Deep Elf Hedge Wizard)        Turns: 1852, Time: 00:02:38

Health: -11/25     AC:  2    Str:  7    XL:     4   Next: 20%
Magic:  8/13       EV: 12    Int: 21    God:
Gold:   50         SH:  0    Dex: 14    Spells: 6/14 levels left

rFire   . . .        a - +0 dagger
rCold   . . .        (no shield)
rNeg    . . .        b - +0 robe
rPois   .            c - +0 hat
rElec   .            (no cloak)
rCorr   .            (no gloves)
SInv    .            (no boots)
Will    .....        (no amulet)
Stlth   ++           (no ring)
HPRegen 0.24/turn    (no ring)
MPRegen 0.13/turn

%: no passive effects
@: very slightly contaminated
A: no striking features
a: no special abilities


You were on level 2 of the Dungeon.
You visited 1 branch of the dungeon, and saw 2 of its levels.

You collected 50 gold pieces.

Inventory:

Hand Weapons
 a - a +0 dagger (weapon)
Armour
 b - a +0 robe (worn)
 c - a +0 hat (worn)
Scrolls
 e - a scroll of fog {unknown}
 f - a scroll of enchant weapon {unknown}
 g - a scroll of blinking {unknown}
 i - 2 scrolls of identify {unknown}
Potions
 d - 2 potions of magic
 h - a potion of degeneration {unknown}
 j - a potion of attraction {unknown}
 k - a potion of heal wounds {unknown}


   Skills:
 - Level 1.0 Fighting
 - Level 1.0 Armour
 + Level 2.6 Dodging
 + Level 2.6 Stealth
 * Level 5.5 Spellcasting
 + Level 2.1 Conjurations
 - Level 1.1 Summonings
 - Level 1.1 Translocations


You had 6 spell levels left.
You knew the following spells:

 Your Spells              Type           Power      Damage    Failure   Level
a - Magic Dart            Conj           60%        1d6       4%          1
b - Mephitic Cloud        Conj/Alch/Air  8%         N/A       22%         3
c - Call Imp              Summ           20%        N/A       10%         2
d - Blink                 Tloc           20%        N/A       10%         2

Your spell library contained the following spells:

 Spells                   Type           Power      Damage    Failure   Level
 Slow                     Hex            20%        N/A       11%         1
 Cigotuvi's Dreadful Rot  Necr/Alch/Air  10%        N/A       16%         2
 Inner Flame              Hex/Fire       5%         N/A       30%         3
 Flame Wave               Conj/Fire      10%        2d6       54%         4
 Sticky Flame             Fire/Alch      5%         2d4       71%         4


Dungeon Overview and Level Annotations

Branches:
Dungeon (2/15)

Altars:

Annotations:
D:2 Natasha, Sigmund


Message History

Sigmund shouts!
You hear an angry hiss.
Natasha, Servant of Life and Death comes into view.
She is carrying a wand of flame.
Casting: Mephitic Cloud (extremely dangerous; 22% risk of failure)
Confirm with . or Enter, or press ? or * to list all spells.
Aiming: Mephitic Cloud (extremely dangerous; 22% risk of failure)
Press: ? - help, Shift-Dir - straight line, f/p - Sigmund
Aim: Sigmund, wielding a +0 scythe and wearing a +0 robe (chance to affect: 86%)
The ball explodes into a vile cloud!
The stinking cloud engulfs Sigmund.
Sigmund is engulfed in noxious fumes.
Sigmund appears confused.
Sigmund asks, "Where am I?"
Unknown command.
Sigmund is engulfed in noxious fumes.
Sigmund closely misses you.
You barely miss Sigmund.
Natasha growls.
Unknown command.
You hit Sigmund.
Sigmund is lightly wounded.
Sigmund is engulfed in noxious fumes.
Sigmund appears confused.
Sigmund hits you with a +0 scythe.
Natasha is engulfed in noxious fumes.
Unknown command.
You catch the helpless Sigmund completely off-guard!
You hit Sigmund.
Sigmund is moderately wounded.
Natasha is engulfed in noxious fumes.
Natasha appears confused.
Sigmund is engulfed in noxious fumes.
Unknown command.
You hit Sigmund.
Sigmund is moderately wounded.
Natasha is engulfed in noxious fumes.
Natasha appears confused.
Sigmund is engulfed in noxious fumes.
Sigmund appears confused.
Unknown command.
You hit Natasha but do no damage. Natasha claws you.
Sigmund is engulfed in noxious fumes.
Sigmund appears confused.
Unknown command.
You hit Sigmund.
Sigmund is heavily wounded.
Natasha claws you!
* * * LOW HITPOINT WARNING * * *
Sigmund is engulfed in noxious fumes.
Sigmund hits you with a +0 scythe!
You die...

######.........#
#......####
#.........########....##
######.....#.......#
####..#
....######.........# ##.#
###.## #.........########.#
#..######.#########.....#.#
##....# #.#####...#.....#.#
####.###....##°☼.......#.#
#.........@@☼>#.....#.#
##########h○○)#.......#
###.....#.....###
#...#...#.....# ########
####.###...#####.#
...#...###....# #..... ..#
...........#### ####### ###
.........### .........#


You could see Sigmund (confused) and Natasha (confused).

Vanquished Creatures
  Natasha (D:2)
  Terence (D:2)
  A dart slug (D:1)
  A ribbon worm (D:2)
  4 ball pythons
  An endoplasm (D:2)
  A giant cockroach (D:1)
  3 goblins
  A hobgoblin (D:1)
  A quokka (D:1)
  6 bats
  3 frilled lizards
  3 kobolds
  7 rats
34 creatures vanquished.

Notes
Turn   | Place    | Note
-------+----------+-------------------------------------------
     0 | D:1      | pokeman the Deep Elf Hedge Wizard began the quest for the
                  | Orb.
     0 | D:1      | Reached XP level 1. HP: 10/10 MP: 7/7
   453 | D:1      | Reached XP level 2. HP: 11/16 MP: 4/9
  1314 | D:2      | Reached skill level 5 in Spellcasting
  1394 | D:2      | Noticed Sigmund
  1465 | D:2      | Reached XP level 3. HP: 20/20 MP: 8/11
  1469 | D:2      | Learned a level 3 spell: Mephitic Cloud
  1472 | D:2      | Learned a level 2 spell: Call Imp
  1475 | D:2      | Learned a level 2 spell: Blink
  1621 | D:2      | Noticed Natasha
  1626 | D:2      | Noticed Terence
  1629 | D:2      | Killed Natasha
  1630 | D:2      | Reached skill level 1 in Fighting
  1630 | D:2      | Reached skill level 1 in Armour
  1650 | D:2      | Killed Terence
  1651 | D:2      | Reached XP level 4. HP: 6/25 MP: 4/13
  1844 | D:2      | Noticed Natasha
  1852 | D:2      | HP: 1/25 [Natasha (7)]
  1852 | D:2      | Mangled by Sigmund

Illustrated notes

Levels and vault maps discovered:
D:1:      spicycebolla_arrival_xxxplode, layout_basic, minmay_liquid_box
D:2:      layout_rooms, minmay_crystal_room, uniq_natasha, uniq_terence,
          uniq_sigmund

Skill      XL: |  1  2  3 |
---------------+----------+-----
Spellcasting   | 5 |  5.5
Fighting       | 1 |  1.0
Armour         | 1 |  1.0
Conjurations   | 2 |  2.1
Dodging        | |  2.6
Stealth        | |  2.6
Summonings     | |  1.1
Translocations | |  1.1

Action                     |  1- 3 |  4- 6 || total
---------------------------+-------+-------++-------
  Melee: Dagger            |    13 |     6 ||    19
   Cast: Magic Dart        |    73 |     2 ||    75
         Mephitic Cloud    |     2 |     1 ||     3
   Stab: Confused          |     4 |     1 ||     5
 Armour: Robe              |     8 |     5 ||    13
  Dodge: Dodged            |     8 |     2 ||    10

Table legend: (Time is in decaauts)
 A = Elapsed time spent in this place.
 B = Non-inter-level travel time spent in this place.
 C = Inter-level travel time spent in this place.
 D = Time resting spent in this place.
 E = Time spent auto-exploring this place.
 F = Levels seen in this place.
 G = Mean time per level.
                   A        B        C        D        E       F      G
               +--------+--------+--------+--------+--------+-----+--------+
         Total |   1854 |   1843 |     11 |     11 |   1588 |   2 |  927.0 |
       Dungeon |   1854 |   1843 |     11 |     11 |   1588 |   2 |  927.0 |
               +--------+--------+--------+--------+--------+-----+--------+

Top non-repeatable levels by time:
     D:1: 1186 daAuts
     D:2: 667 daAuts
